 Dungeon Crawl Stone Soup version 0.31-a0-196-g86fe4a5e66 (webtiles) character file.

Game seed: 18043456937353844852

261 innerfire43 the Trooper (level 5, -5/42 HPs)
             Began as a Demonspawn Monk on June 24, 2023.
             Was a Priest of Qazlal.
             Slain by Crazy Yiuf
             ... wielding a +4 quarterstaff of chaos
              (6 damage)
             ... on level 4 of the Dungeon.
             The game lasted 00:04:00 (3430 turns).

innerfire43 the Trooper (Demonspawn Monk)           Turns: 3430, Time: 00:04:01

Health: -5/42      AC:  3    Str: 13    XL:     5   Next: 96%
Magic:  5/5        EV: 18    Int: 14    God:    Qazlal [***...]
Gold:   192        SH:  4    Dex: 15    Spells: 4/4 levels left

rFire   . . .        h - +5 dagger
rCold   . . .        d - orb {light}
rNeg    . . .        b - +0 robe
rPois   .            (no helmet)
rElec   .            p - scarf {repulsion}
rCorr   .            (no gloves)
SInv    .            l - +0 pair of boots
Will    .....        (no amulet)
Stlth   +            (no ring)
HPRegen 0.27/turn    (no ring)
MPRegen 0.09/turn

%: repel missiles
@: agile, glowing
A: demonic guardian 2, powered by pain 1, big brain 1
a: Renounce Religion, Upheaval, Elemental Force


You were on level 4 of the Dungeon.
You worshipped Qazlal.
Qazlal was most pleased with you.
You visited 1 branch of the dungeon, and saw 4 of its levels.

You collected 192 gold pieces.

Inventory:

Hand Weapons
 a - a +0 spear
 h - a +5 dagger (weapon)
 j - a +1 whip of venom
 m - a +0 sling of draining
 t - a +1 dagger of venom
 u - a +1 heavy hand axe
Armour
 b - a +0 robe (worn)
 d - an orb of light (worn)
 l - a +0 pair of boots (worn)
 p - a scarf of repulsion (worn)
 r - a +0 buckler
Wands
 s - a wand of light (6)
Scrolls
 e - a scroll of teleportation
 i - 3 scrolls of identify
 k - a scroll of vulnerability
 n - 2 scrolls of amnesia
Potions
 c - 2 potions of ambrosia
 g - 4 potions of attraction


   Skills:
 + Level 4.2 Fighting
 * Level 3.4 Short Blades
 - Level 2.9 Polearms
 + Level 3.8 Dodging


You had 4 spell levels left.
You didn't know any spells.
Your spell library contained the following spells:

 Spells                   Type           Power      Damage    Failure   Level
 Sublimation of Blood     Necr           0%         N/A       41%         2
 Wereblood                Tmut           0%         N/A       41%         2
 Call Canine Familiar     Summ           0%         N/A       65%         3
 Portal Projectile        Hex/Tloc       0%         N/A       65%         3
 Summon Guardian Golem    Hex/Summ       0%         N/A       65%         3
 Leda's Liquefaction      Hex/Erth       0%         N/A       96%         4
 Orb of Destruction       Conj           0%         9d5       100%        7
 Spellforged Servitor     Conj/Summ      0%         N/A       100%        7
 Summon Hydra             Summ           0%         N/A       100%        7


Dungeon Overview and Level Annotations

Branches:
Dungeon (4/15)
 Temple: D:4-7

Altars:
Qazlal

Shops:
D:2 ?

Annotations:
D:4 Crazy Yiuf


Innate Abilities, Weirdness & Mutations

A demonic guardian rushes to your aid.
You sometimes gain a little power by taking damage.
You have an unusually large brain. (Int +2)


Message History

A nearby fungus withers and dies.
You completely miss the fungus. You hit the fungus.
The fungus begins to die.
The fungus is lightly damaged.
You hit the fungus.
The fungus is lightly damaged.
You hit the fungus.
The fungus is lightly damaged.
You hit the fungus.
The fungus is lightly damaged.
A nearby fungus withers and dies.
Found a hammer.
Found a runed translucent door.
Crazy Yiuf shouts!
It was a potion of magic.
Magic courses through your body.
Okay, then.
You open the door.
Crazy Yiuf says, "Flower fast sing!"
You hit Crazy Yiuf.
Crazy Yiuf is moderately wounded.
You hit Crazy Yiuf.
Crazy Yiuf is moderately wounded.
Crazy Yiuf hits you with a +4 quarterstaff of chaos!
You focus on the pain.
You feel agile all of a sudden. Space warps around you.
You puncture Crazy Yiuf!
Crazy Yiuf is severely wounded.
Crazy Yiuf hits you with a +4 quarterstaff of chaos!
A demonic guardian appears!
You hit Crazy Yiuf.
Crazy Yiuf is almost dead.
Crazy Yiuf grits, "Defame ena Hive!"
Crazy Yiuf hits you with a +4 quarterstaff of chaos.
You are electrocuted!!
* * * LOW HITPOINT WARNING * * *
You focus on the pain.
You feel more agile all of a sudden. Crazy Yiuf attacks as you move away!
Crazy Yiuf hits you with a +4 quarterstaff of chaos.
You die...

#.# #....# #.# #.#
##..## #.# #.#
♣PP.P♣ #># #.#
♣♣P..♣ ####.# #.#
♣♣.♣♣ #....# #.#
♣♣.♣ ##.###
####.##### ♣.♣♣
#.# .....#..>#
♣♣.♣ #.###
######.#.# ♣@♣♣
#...# #.#.# *#g#*
###.# #.#.# *..4*
#.# #.#.# #...#
#.# #.#.# #)..#
#.# ## #.#.# #####
#.# .#####.#.# #.#
.......#.# ### #.#
#.######.#######.#
#.#


You could see Crazy Yiuf (ally target) and a friendly orange demon (summoned).

Vanquished Creatures
  An ogre (D:4)
  A scorpion (D:4)
  An orc wizard (D:4)
  An adder (D:4)
  A worm (D:3)
  11 orcs
  4 bats
  8 endoplasms
  6 goblins
  4 hobgoblins
  9 kobolds
  A quokka (D:3)
  3 ball pythons
  2 frilled lizards
  2 rats (D:1)
55 creatures vanquished.

Vanquished Creatures (collateral kills)
  An adder (D:3)
  A worm (D:2)
  An endoplasm (D:2)
3 creatures vanquished.

Grand Total: 58 creatures vanquished

Notes
Turn   | Place    | Note
-------+----------+-------------------------------------------
     0 | D:1      | innerfire43 the Demonspawn Monk began the quest for the
                  | Orb.
     0 | D:1      | Reached XP level 1. HP: 18/18 MP: 1/1
   269 | D:1      | Gained mutation: A weak demonic guardian rushes to your
                  | aid. [demonic ancestry]
   269 | D:1      | Reached XP level 2. HP: 21/24 MP: 2/2
   420 | D:1      | Found a faded altar of an unknown god.
   465 | D:1      | Prayed at the altar of an unknown god.
   465 | D:1      | Became a worshipper of Qazlal Stormbringer
   465 | D:1      | Reached * piety under Qazlal
   465 | D:1      | Reached ** piety under Qazlal
  1176 | D:2      | Reached *** piety under Qazlal
  1216 | D:2      | Found Feimpe's Magic Scroll Emporium.
  1306 | D:2      | Reached skill level 1 in Short Blades
  1580 | D:3      | Gained mutation: A demonic guardian rushes to your aid.
                  | [demonic ancestry]
  1580 | D:3      | Reached XP level 3. HP: 29/29 MP: 3/3
  2465 | D:4      | Gained mutation: You sometimes gain a little power by
                  | taking damage. [demonic ancestry]
  2465 | D:4      | Reached XP level 4. HP: 33/36 MP: 4/4
  2651 | D:4      | Noticed a scorpion
  2667 | D:4      | Killed a scorpion
  2668 | D:4      | Gained mutation: You have an unusually large brain. (Int
                  | +2) [demonic ancestry]
  2668 | D:4      | Reached XP level 5. HP: 23/42 MP: 5/5
  2832 | D:4      | Noticed an ogre
  2844 | D:4      | Killed an ogre
  2845 | D:4      | Reached skill level 4 in Fighting
  3420 | D:4      | Found a runed translucent door.
  3421 | D:4      | Noticed Crazy Yiuf
  3429 | D:4      | HP: 1/42 [Crazy Yiuf/+4 quarterstaff of chaos (20)]
  3430 | D:4      | Slain by Crazy Yiuf

Illustrated notes

Levels and vault maps discovered:
D:1:      nagdon_arrival_double_spiral, layout_basic,
          hellmonk_ecumenical_altar_heavens_door, serial_bayou_lagoon_a,
          minmay_tromino_v2
D:2:      layout_basic, serial_shops, shop, small_statue_intersection
D:3:      layout_loops_corners, dreamdust_princess_corridor
D:4:      layout_loops_ring, uniq_crazy_yiuf_cottage

Skill      XL: |  1  2  3  4  5 |
---------------+----------------+-----
Dodging        | 3 |  3.8
Short Blades   | 1 2 3 |  3.4
Fighting       | 4 |  4.2
Polearms       | |  2.9

Action                     |  1- 3 |  4- 6 || total
---------------------------+-------+-------++-------
  Melee: Spear             |    18 |       ||    18
         Dagger            |   150 |    71 ||   221
    Use: Scroll            |       |     8 ||     8
         Potion            |       |     2 ||     2
 Armour: Robe              |    15 |     8 ||    23
         Skin              |       |     1 ||     1
  Dodge: Dodged            |    55 |    25 ||    80
         Repelled          |     1 |       ||     1
  Block: Orb               |     8 |     4 ||    12

Table legend: (Time is in decaauts)
 A = Elapsed time spent in this place.
 B = Non-inter-level travel time spent in this place.
 C = Inter-level travel time spent in this place.
 D = Time resting spent in this place.
 E = Time spent auto-exploring this place.
 F = Levels seen in this place.
 G = Mean time per level.
                   A        B        C        D        E       F      G
               +--------+--------+--------+--------+--------+-----+--------+
         Total |   3467 |   3287 |    180 |      0 |   2760 |   4 |  866.8 |
       Dungeon |   3467 |   3287 |    180 |      0 |   2760 |   4 |  866.8 |
               +--------+--------+--------+--------+--------+-----+--------+

Top non-repeatable levels by time:
     D:4: 980 daAuts
     D:1: 912 daAuts
     D:3: 862 daAuts
     D:2: 712 daAuts
